[Event "SS Manhem Chess Week 2019 Goteborg Open"]
[Site "Molnlycke kulturhus, Biblioteksgatan 2, Molnlycke, Sweden"]
[Date "2019.08.16"]
[Round "2.4"]
[White "Wiedenkeller, Michael"]
[Black "Eriksson, Kristian"]
[Result "1-0"]
[TimeControl "15 minutes + 5 seconds per move from move one (Round 1 - 4) / 90 minutes + 30 seconds per move from move one (Round 5 - 8)"]
[WhiteTitle "IM"]
[WhiteFideId "1700146"]
[BlackFideId "1705172"]
[WhiteElo "2456"]
[BlackElo "2113"]

1. d4 Nf6 2. c4 e6 3. Nc3 Bb4 4. Qc2 Nc6 5. Nf3 d6 6. Bd2 O-O 7. a3 Bxc3 8. Bxc3 a5 9. e3 a4 10.
Bd3 Qe7 11. O-O e5 12. d5 Nb8 13. Nd2 Nbd7 14. f4 Re8 15. Kh1 h6 16. f5 Nc5 17. Be2 b5 18. cxb5 Nxd5 19. Rf3 Qg5 20.
Rg3 Nxe3 21. Qc1 Qf4 22. f6 g6 23. Nc4 Nxc4 24. Bxc4 Qxc1+ 25. Rxc1 Be6 26. Bb4 Bxc4 27. Rxc4 Ne6 28. Bd2 Kh7 29. Rh3 g5 30. Rd3 Kg6 31. b6 cxb6 32. Rxd6 Kxf6 33. Rxb6 Red8 34. Rc2 Kf5 35. h3 Nd4 36. Rc7 Rf8 37. Rxh6 Rac8 38. Ra7 Ne2 39.
Rxa4 Rfd8 40. g4# 1-0

[Event "SS Manhem Chess Week 2019 Goteborg Open"]
[Site "Molnlycke kulturhus, Biblioteksgatan 2, Molnlycke, Sweden"]
[Date "2019.08.16"]
[Round "2.5"]
[White "Torngren, Gustav"]
[Black "Le, Quang Long"]
[Result "0-1"]
[TimeControl "15 minutes + 5 seconds per move from move one (Round 1 - 4) / 90 minutes + 30 seconds per move from move one (Round 5 - 8)"]
[BlackTitle "IM"]
[WhiteFideId "1728970"]
[BlackFideId "12401749"]
[WhiteElo "2061"]
[BlackElo "2411"]

1. d4 f5 2. Bg5 g6 3. Nd2 Bg7 4. e4 fxe4 5. Nxe4 Nf6 6. Nxf6+ exf6 7. Bh4 O-O 8. Bd3 Nc6 9. Ne2 d5 10. c3 Ne7 11. O-O Nf5 12.
Bg3 Nxg3 13. fxg3 Be6 14. Nf4 Bf7 15. Bc2 Qd6 16. Qd3 c6 17. Rf3 Rfe8 18. Raf1 Re4 19. Qd2 Re7 20. Nd3 Rae8 21.
R3f2 b6 22. Ba4 Re4 23. Bd1 c5 24. dxc5 bxc5 25. Bf3 Re3 26. b4 c4 27. Nf4 R3e5 28. Ne2 Re3 29. Nf4 Bh6 30. Bxd5 Bxf4 31. Bxf7+ Kxf7 32. gxf4 Qxd2 33.
Rxd2 Rxc3 34. Rd7+ Re7 35. Rfd1 Ra3 36.
Rxe7+ Kxe7 37. Rc1 c3 38. Rc2 Kd6 39. Kf2 Kd5 40. Ke3 Kc4 41. g3 f5 42. h3 Ra6 43. b5 Re6+ 44. Kf2 Kd3 0-1

[Event "SS Manhem Chess Week 2019 Goteborg Open"]
[Site "Molnlycke kulturhus, Biblioteksgatan 2, Molnlycke, Sweden"]
[Date "2019.08.16"]
[Round "2.6"]
[White "Seo, Jung Min"]
[Black "Lacko, Pavel"]
[Result "1-0"]
[TimeControl "15 minutes + 5 seconds per move from move one (Round 1 - 4) / 90 minutes + 30 seconds per move from move one (Round 5 - 8)"]
[WhiteTitle "FM"]
[WhiteFideId "1734687"]
[BlackFideId "1701274"]
[WhiteElo "2409"]
[BlackElo "2081"]

1. d4 Nf6 2. c4 e6 3. Nc3 Bb4 4. e3 c5 5. Bd3 Nc6 6.
Nf3 Bxc3+ 7. bxc3 d6 8.
e4 e5 9.
d5 Ne7 10. Bg5 Ng6 11. Nh4 h6 12. Nxg6 fxg6 13. Bd2 O-O 14. O-O Nh5 15. g3 Bh3 16. Re1 Qd7 17. Be2 Nf6 18. f3 Qf7 19. Bf1 Bd7 20. Bg2 b5 21. Qe2 Rab8 22. f4 Qe7 23. fxe5 Qxe5 24. Bf4 Qe7 25. e5 dxe5 26. Qxe5 Qxe5 27.
Bxe5 Rbe8 28. Bd6 Rxe1+ 29. Rxe1 Rc8 30. cxb5 Bxb5 31. Be7 Kf7 32. d6 Bd7 33. Rb1 Ke8 34. Rb7 a5 35. Bf3 a4 36. Kf2 Bc6 37. Rc7 Bd7 38.
Bxf6 gxf6 39. Bc6 Rxc7 40. dxc7 Ke7 41. Bb7 1-0

[Event "SS Manhem Chess Week 2019 Goteborg Open"]
[Site "Molnlycke kulturhus, Biblioteksgatan 2, Molnlycke, Sweden"]
[Date "2019.08.16"]
[Round "2.7"]
[White "Sorensen, Bent"]
[Black "Vypkhaniuk, Ihor"]
[Result "0-1"]
[TimeControl "15 minutes + 5 seconds per move from move one (Round 1 - 4) / 90 minutes + 30 seconds per move from move one (Round 5 - 8)"]
[WhiteTitle "IM"]
[BlackTitle "FM"]
[WhiteFideId "1400410"]
[BlackFideId "14112256"]
[WhiteElo "2042"]
[BlackElo "2405"]

1. Nf3 c5 2. c4 g6 3. e3 Nf6 4. d4 cxd4 5. exd4 Bg7 6. Be2 O-O 7. O-O d5 8. cxd5 Nxd5 9. Nc3 Nc6 10.
Bg5 h6 11. Bh4 Be6 12. Qd2 Rc8 13. Rfd1 Na5 14. Nxd5 Bxd5 15. b3 Nc6 16. Rac1 Bxf3 17. Bxf3 Nxd4 18. Bxb7 Rxc1 19. Qxc1 Ne2+ 20. Kf1 Nxc1 21. Rxd8 Rxd8 22. Bf3 g5 23. Bg3 e5 24. h4 Nxa2 25. hxg5 hxg5 26. Be4 Rd1+ 27. Ke2 Nc3+ 28. Kf3 g4+ 0-1

[Event "SS Manhem Chess Week 2019 Goteborg Open"]
[Site "Molnlycke kulturhus, Biblioteksgatan 2, Molnlycke, Sweden"]
[Date "2019.08.16"]
[Round "2.8"]
[White "Ahlander, Bjorn"]
[Black "Troedsson, Anton"]
[Result "1-0"]
[TimeControl "15 minutes + 5 seconds per move from move one (Round 1 - 4) / 90 minutes + 30 seconds per move from move one (Round 5 - 8)"]
[WhiteTitle "IM"]
[WhiteFideId "1700251"]
[BlackFideId "1746006"]
[WhiteElo "2390"]
[BlackElo "2045"]

1. d4 d5 2. c4 c6 3. Nc3 Nf6 4. Nf3 g6 5. Bf4 Bg7 6. e3 O-O 7. h3 Nbd7 8. Rc1 e6 9. a3 Re8 10.
Be2 b6 11. cxd5 exd5 12. O-O Bb7 13. b4 Qe7 14. Qb3 a6 15. Bd3 Ra7 16. Rfd1 h6 17. Ne5 Nh5 18. Nxd7 Nxf4 19. Nxb6 Ne6 20.
Nca4 a5 21. Nc5 axb4 22. axb4 Qd8 23. Nxe6 Rxe6 24. Na4 Re8 25. Nc5 Bc8 26. Ra1 Ree7 27. b5 cxb5 28. Qxb5 Bf8 29. Be2 Rec7 30.
Bf3 Bf5 31. Rxa7 Rxa7 32. Qc6 Rc7 33. Qb6 Rc8 34. Qxd8 Rxd8 35. Nd3 g5 36. Ne5 Be6 37. Bg4 Bg7 38. Nd3 Ra8 39. Nc5 Bc8 40. Bxc8 Rxc8 41. g4 Bf8 42. Nd3 Kg7 43. Kg2 Kf6 44. Rb1 Rc6 45. Ne5 Ra6 46. Rb7 Be7 47. Kf3 Ke6 48. Rb8 f6 49. Nd3 Kf7 50. Rh8 Bf8 51. Nc5 Rd6 52.
e4 Kg7 53. e5 fxe5 54. dxe5 Rb6 55. Rxf8 1-0

[Event "SS Manhem Chess Week 2019 Goteborg Open"]
[Site "Molnlycke kulturhus, Biblioteksgatan 2, Molnlycke, Sweden"]
[Date "2019.08.16"]
[Round "2.9"]
[White "Olsson, William"]
[Black "Kockum, Anton Frisk"]
[Result "0-1"]
[TimeControl "15 minutes + 5 seconds per move from move one (Round 1 - 4) / 90 minutes + 30 seconds per move from move one (Round 5 - 8)"]
[BlackTitle "FM"]
[WhiteFideId "1741721"]
[BlackFideId "1709143"]
[WhiteElo "2015"]
[BlackElo "2367"]

1. c4 g5 2. Nc3 Bg7 3. d3 h6 4. g3 c5 5. Bg2 Nc6 6. Nf3 d6 7. Bd2 Bg4 8. a3 Qd7 9. h3 Be6 10.
Rb1 a5 11. Nd5 Bxd5 12. cxd5 Nd4 13. Nxd4 Bxd4 14. e3 Bg7 15. Bc3 Bxc3+ 16. bxc3 b5 17. d4 Rc8 18. Qb3 cxd4 19. exd4 Rb8 20. O-O Nf6 21. a4 b4 22. c4 Rc8 23.
Rbc1 O-O 24. c5 Rfe8 25. Rfe1 Qa7 26. Qc4 Rb8 27. Re3 Rec8 28. c6 Rc7 29. Rce1 Kg7 30. Rb3 Re8 31. Bf1 Qb8 32.
Bg2 Qc8 33. Qb5 Qa8 34. Qb6 Ra7 35. Qb5 Rb8 36. Qd3 Rc7 37. Kh2 Rh8 38. Qb5 Qa7 39. Qd3 Qb6 40. Qd2 Qb8 41. f4 g4 42.
h4 Re8 43. Qd3 Qa7 44. Rb2 e6 45. dxe6 fxe6 46. Rbe2 Kf7 47. d5 Rce7 48. dxe6+ Rxe6 49. Bd5 Nxd5 50. Qh7+ Kf8 51. Qxa7 Rxe2+ 52. Rxe2 Rxe2+ 53. Kg1 Rc2 54. Qb8+ Ke7 55. Qb7+ Kf6 56.
Qd7 Ne7 57. Qxd6+ Kf7 58. c7 b3 59.
Qd3 0-1

[Event "SS Manhem Chess Week 2019 Goteborg Open"]
[Site "Molnlycke kulturhus, Biblioteksgatan 2, Molnlycke, Sweden"]
[Date "2019.08.16"]
[Round "2.10"]
[White "Rydstrom, Tom"]
[Black "Svensson, Leif"]
[Result "1-0"]
[TimeControl "15 minutes + 5 seconds per move from move one (Round 1 - 4) / 90 minutes + 30 seconds per move from move one (Round 5 - 8)"]
[WhiteTitle "FM"]
[WhiteFideId "1714830"]
[BlackFideId "1702459"]
[WhiteElo "2314"]
[BlackElo "2027"]

1. Nf3 d5 2. g3 Bg4 3. Bg2 Nd7 4.
O-O c6 5. d4 e6 6. Nbd2 Ngf6 7. Re1 Be7 8. e4 dxe4 9. Nxe4 Nxe4 10. Rxe4 Nf6 11. Re1 h6 12. h3 Bf5 13. c3 O-O 14.
Ne5 Qb6 15. Qe2 Rad8 16. Bf4 Nd5 17. Bc1 c5 18. dxc5 Bxc5 19. a3 f6 20. Nc4 Qa6 21. Ne3 Qxe2 22. Rxe2 Nxe3 23. Bxe3 Bxe3 24.
Rxe3 Rd3 25. Rxd3 Bxd3 26. Rd1 Ba6 27. f4 g5 28. fxg5 hxg5 29. Kf2 Rf7 30. Ke3 Re7 31. a4 Kf7 32.
a5 b6 33. Rd6 Bb7 34. Bxb7 Rxb7 35. a6 Rc7 36. Rd8 Ke7 37. Rb8 Kd7 38. h4 gxh4 39. gxh4 Kc6 40. Rb7 Rc8 41.
Kf3 b5 42. Rxa7 Kb6 43. Re7 1-0

[Event "SS Manhem Chess Week 2019 Goteborg Open"]
[Site "Molnlycke kulturhus, Biblioteksgatan 2, Molnlycke, Sweden"]
[Date "2019.08.16"]
[Round "2.11"]
[White "Johansson, Roy"]
[Black "Welin, Mats"]
[Result "0-1"]
[TimeControl "15 minutes + 5 seconds per move from move one (Round 1 - 4) / 90 minutes + 30 seconds per move from move one (Round 5 - 8)"]
[BlackTitle "FM"]
[WhiteFideId "1745972"]
[BlackFideId "1705180"]
[WhiteElo "1976"]
[BlackElo "2310"]

1. d4 d5 2. Nf3 Nf6 3. Bf4 c5 4. e3 Nc6 5. c3 Qb6 6.
Qb3 c4 7. Qc2 Bf5 8. Qc1 Nh5 9. Bg3 e6 10. Be2 h6 11. Nbd2 Qa5 12. b3 Ba3 13. Qd1 Qxc3 14. bxc4 Bc2 15. Nb1 0-1

[Event "SS Manhem Chess Week 2019 Goteborg Open"]
[Site "Molnlycke kulturhus, Biblioteksgatan 2, Molnlycke, Sweden"]
[Date "2019.08.16"]
[Round "2.12"]
[White "Mitra, Akash"]
[Black "Petersson, Baldur Teodor"]
[Result "0-1"]
[TimeControl "15 minutes + 5 seconds per move from move one (Round 1 - 4) / 90 minutes + 30 seconds per move from move one (Round 5 - 8)"]
[BlackTitle "CM"]
[WhiteFideId "1726714"]
[BlackFideId "2309157"]
[WhiteElo "1937"]
[BlackElo "2255"]

1. f4 d5 2. Nf3 Nf6 3. g3 c5 4. Bg2 Nc6 5. O-O g6 6. d3 Bg7 7. Qe1 d4 8. c4 Ng4 9. h3 Ne3 10. Bxe3 dxe3 11. Nc3 Nd4 12.
Nxd4 cxd4 13. Ne4 O-O 14. b4 e5 15. fxe5 Bxe5 16. g4 f5 17. gxf5 Bxf5 18. Rc1 Bc7 19. Nc5 Qd6 20. Rf3 Qh2+ 21. Kf1 Bxh3 22. Bxh3 Qxh3+ 23. Kg1 Qh2+ 24. Kf1 Qh1# 0-1

[Event "SS Manhem Chess Week 2019 Goteborg Open"]
[Site "Molnlycke kulturhus, Biblioteksgatan 2, Molnlycke, Sweden"]
[Date "2019.08.16"]
[Round "2.13"]
[White "Carlsson, Ludvig"]
[Black "Wiklund, Johan"]
[Result "1-0"]
[TimeControl "15 minutes + 5 seconds per move from move one (Round 1 - 4) / 90 minutes + 30 seconds per move from move one (Round 5 - 8)"]
[WhiteTitle "CM"]
[WhiteFideId "1727010"]
[BlackFideId "1713817"]
[WhiteElo "2234"]
[BlackElo "1956"]

1. d4 e6 2. Nf3 Nf6 3.
Bf4 c5 4. e3 Nc6 5. Nbd2 d5 6.
c3 Bd6 7. Bg3 cxd4 8. exd4 O-O 9. Bd3 Re8 10. Ne5 Qc7 11. f4 Nd7 12. Bxh7+ Kf8 13. Qh5 Nf6 14. Qh4 b5 15. Bd3 Kg8 16.
Bxb5 Bd7 17. Bd3 Rab8 18. Rb1 Qa5 19. Nxd7 Nxd7 20. Qh7+ Kf8 21. Qh8+ Ke7 22. Qxg7 Kd8 23. a3 Kc7 24. O-O Rg8 25. Qxf7 Rbf8 26.
Qxe6 Nxd4 27. cxd4 Qxd2 28. Rbc1+ 1-0

[Event "SS Manhem Chess Week 2019 Goteborg Open"]
[Site "Molnlycke kulturhus, Biblioteksgatan 2, Molnlycke, Sweden"]
[Date "2019.08.16"]
[Round "2.14"]
[White "Westerlund, Ola"]
[Black "Castrillon Gomez, Melissa"]
[Result "0-1"]
[TimeControl "15 minutes + 5 seconds per move from move one (Round 1 - 4) / 90 minutes + 30 seconds per move from move one (Round 5 - 8)"]
[BlackTitle "WIM"]
[WhiteFideId "1712101"]
[BlackFideId "4402413"]
[WhiteElo "1845"]
[BlackElo "2227"]

1. d4 Nf6 2. c4 c5 3. d5 b5 4.
cxb5 a6 5. bxa6 g6 6. Nc3 Bg7 7. g3 O-O 8. Bg2 d6 9. Nf3 Bf5 10. Nh4 Bd7 11. e4 Nxa6 12. O-O Qb6 13. Bf3 Rfb8 14. Ng2 Bh3 15. Re1 Bxg2 16.
Kxg2 Nd7 17. Be2 Qb4 18. a3 Qa5 19. Na2 Bxb2 20. Bxb2 Rxb2 21. Nc1 Ne5 22. f4 Ng4 23. Kg1 Ne3 24.
Nb3 Qc3 25. Qc1 Rxb3 26. Qxc3 Rxc3 27. Rab1 Nc2 28. Rec1 Nd4 0-1

[Event "SS Manhem Chess Week 2019 Goteborg Open"]
[Site "Molnlycke kulturhus, Biblioteksgatan 2, Molnlycke, Sweden"]
[Date "2019.08.16"]
[Round "2.15"]
[White "Johnson, Daniel"]
[Black "Alfredsson, Daniel"]
[Result "1/2-1/2"]
[TimeControl "15 minutes + 5 seconds per move from move one (Round 1 - 4) / 90 minutes + 30 seconds per move from move one (Round 5 - 8)"]
[WhiteFideId "1721283"]
[BlackFideId "1742205"]
[WhiteElo "2201"]
[BlackElo "1692"]

1. d4 d5 2. c4 c6 3. cxd5 cxd5 4. Bf4 Nc6 5. Nc3 Nf6 6. e3 Bf5 7. Qb3 Qb6 8.
Qxb6 axb6 9. Bb5 e6 10. Rc1 Be7 11. Nf3 O-O 12. O-O Rfc8 13. h3 h6 14. Rfd1 Ne4 15. a3 Na5 16. Nxe4 Bxe4 17.
Nd2 Bc2 18. Re1 Nb3 19. Nxb3 Bxb3 20. Bd7 Rc4 21. Bb5 Rcc8 22. Rc7 Rxc7 23. Bxc7 Rc8 24. Bxb6 Rc2 25. Re2 Rxe2 26. Bxe2 Bc4 27.
Bxc4 dxc4 28. Kf1 c3 29. bxc3 Bxa3 30. Ke2 Kf8 31. Ba5 Ke7 32. Kd3 Kd6 33. Kc4 Kc6 34. e4 b5+ 35. Kb3 Bd6 36.
Bb4 Bf4 37. g3 Bd2 38. Bf8 g6 39. f3 Be1 40. g4 Bd2 41. c4 bxc4+ 42. Kxc4 Bf4 43. Bb4 h5 44. gxh5 gxh5 45. d5+ exd5+ 46. exd5+ Kd7 47. Kd3 f5 48. Bc5 Be5 49. Ke3 Bc7 50. Bf8 Be5 51. Kd3 Bc7 52. Bg7 Bf4 53. Kd4 Bc7 54.
Be5 Bb6+ 55. Kd3 Bc5 56. Ke2 Bd6 57. f4 Be7 58. Kf3 Bh4 59. Bb8 Bf6 60. Kg3 Be7 61. Be5 Bd8 62. Bg7 Kd6 63.
Be5+ Kxd5 64. Bb8 1/2-1/2

[Event "SS Manhem Chess Week 2019 Goteborg Open"]
[Site "Molnlycke kulturhus, Biblioteksgatan 2, Molnlycke, Sweden"]
[Date "2019.08.16"]
[Round "2.16"]
[White "Hall, Roland"]
[Black "Arnelind, Mikael"]
[Result "0-1"]
[TimeControl "15 minutes + 5 seconds per move from move one (Round 1 - 4) / 90 minutes + 30 seconds per move from move one (Round 5 - 8)"]
[WhiteFideId "1728628"]
[BlackFideId "1704290"]
[WhiteElo "1430"]
[BlackElo "2187"]

1. e4 e6 2. d4 d5 3. Nc3 Bb4 4. exd5 exd5 5. Bd2 Nc6 6. Nge2 Nf6 7. a3 Be7 8. Nf4 Nxd4 9. Bd3 Ne6 10.
O-O c6 11. Re1 O-O 12. Nce2 Nc5 13. Nc1 Nxd3 14. Ncxd3 Bg4 15. f3 Bf5 16. Bc3 Re8 17. Ne2 c5 18. Ng3 Bd7 19. Nf4 d4 20.
Bd2 Bd6 21. Ne4 Nxe4 22. fxe4 Bc6 0-1

[Event "SS Manhem Chess Week 2019 Goteborg Open"]
[Site "Molnlycke kulturhus, Biblioteksgatan 2, Molnlycke, Sweden"]
[Date "2019.08.16"]
[Round "2.17"]
[White "Mentzoni, Love"]
[Black "Andersson, Lars"]
[Result "0-1"]
[TimeControl "15 minutes + 5 seconds per move from move one (Round 1 - 4) / 90 minutes + 30 seconds per move from move one (Round 5 - 8)"]
[WhiteFideId "1751999"]
[BlackFideId "1706772"]
[WhiteElo "1448"]
[BlackElo "2003"]

1. e4 c6 2. d4 d5 3.
exd5 cxd5 4. Nf3 Nc6 5. Be3 Bg4 6.
c3 Bxf3 7. Qxf3 Nf6 8. Bd3 e6 9. Nd2 Rc8 10. O-O Be7 11. Qd1 O-O 12. Qc2 Nb4 13. Qb1 Nxd3 14. Qxd3 Qb6 15. b4 Rc6 16.
Rfc1 Rfc8 17. a4 Bxb4 18. Rab1 a5 19. Nf3 Qc7 20. Bd2 Bxc3 21. Rxc3 Rxc3 22. Bxc3 Qxc3 23. Qd1 Rc7 24. h3 Ne4 25.
Ne5 Nd2 26. Rb5 f6 27. Nf3 Nxf3+ 28. gxf3 Qa3 29. Kg2 Rc1 30. Qe2 Rc6 31. Rxb7 Qd6 32. Qb5 Rc8 33. Qxa5 Qf4 34. Qb5 Qg5+ 35.
Kh2 h6 36. Qd7 Rc1 37. Qxe6+ Kh7 38. Qg4 Ra1 39. Qxg5 hxg5 40. Rb5 Rxa4 41. Rxd5 Ra2 42. Kg3 Kg6 43. Rc5 Rd2 44. d5 Rd4 45. d6 Rxd6 46. Rc4 f5 47. f4 Rd3+ 48. f3 Kh5 49.
fxg5 Kxg5 50. h4+ Kh5 51. Rf4 g6 52. Rc4 Rd1 53. Rc2 Rg1+ 54. Rg2 Rxg2+ 55. Kxg2 Kxh4 56. Kh2 g5 57. Kg2 Kh5 58. Kh3 Kg6 59. Kg3 Kf6 60. Kh3 Ke5 61.
Kg2 Kf4 62. Kf2 Ke5 63. Ke3 Kd5 64. Kf2 Kc4 65. Ke3 Kc3 66.
Ke2 Kd4 67. Kf2 Kd3 68. Kg2 Ke3 69. Kg3 Ke2 70. Kg2 f4 71. Kg1 Kxf3 0-1

[Event "SS Manhem Chess Week 2019 Goteborg Open"]
[Site "Molnlycke kulturhus, Biblioteksgatan 2, Molnlycke, Sweden"]
[Date "2019.08.16"]
[Round "2.18"]
[White "Malmstig, Erik"]
[Black "Carlfors, Viktor"]
[Result "0-1"]
[TimeControl "15 minutes + 5 seconds per move from move one (Round 1 - 4) / 90 minutes + 30 seconds per move from move one (Round 5 - 8)"]
[WhiteTitle "FM"]
[WhiteFideId "1702866"]
[BlackFideId "1740725"]
[WhiteElo "2335"]
[BlackElo "1820"]

1. d4 d5 2. c4 c6 3. Nc3 Nf6 4. Nf3 dxc4 5. a4 Bf5 6. Nh4 Bg6 7. Nxg6 hxg6 8. e4 e6 9. Bxc4 Bb4 10. f3 Qc7 11. Qb3 a5 12.
e5 Nd5 13. O-O Nd7 14. Bxd5 cxd5 15. Nb5 Qb6 16. Bf4 Rh4 17. Bg3 Rh5 18. Rac1 Kf8 19. Kh1 Rf5 20. Rc7 Rd8 21. Rfc1 g5 22.
Qe3 Nb8 23. Nd6 Bxd6 24. exd6 Nc6 25. d7 Ke7 26. Qa3+ Nb4 27. Qc3 Nc6 28. Qa3+ Nb4 29. R7c5 Rxd7 30. Bc7 Qa6 31. Rxa5 Qd3 32. Qxb4+ Kf6 33. Be5+ Kg6 34. Qc3 Qe2 35. b3 g4 36.
f4 f6 37. Re1 Qf2 38. Bb8 b6 39. Ra6 Rh5 40. f5+ Rxf5 0-1

[Event "SS Manhem Chess Week 2019 Goteborg Open"]
[Site "Molnlycke kulturhus, Biblioteksgatan 2, Molnlycke, Sweden"]
[Date "2019.08.16"]
[Round "3.1"]
[White "Blomqvist, Erik"]
[Black "Kockum, Anton Frisk"]
[Result "0-1"]
[TimeControl "15 minutes + 5 seconds per move from move one (Round 1 - 4) / 90 minutes + 30 seconds per move from move one (Round 5 - 8)"]
[WhiteTitle "GM"]
[BlackTitle "FM"]
[WhiteFideId "1709437"]
[BlackFideId "1709143"]
[WhiteElo "2507"]
[BlackElo "2367"]

1. e4 e6 2. d4 d5 3. e5 c5 4.
c3 Nc6 5. Nf3 Bd7 6. Be2 Nge7 7. O-O Nf5 8.
dxc5 Bxc5 9. Bd3 Nh4 10. Re1 f5 11. Nbd2 O-O 12. b4 Bb6 13. a4 Rc8 14. Qe2 Be8 15. Nxh4 Qxh4 16. Nf3 Qg4 17.
h3 Qh5 18. Be3 Bxe3 19. Qxe3 f4 20. Qd2 Bg6 21. Bxg6 Qxg6 22. a5 a6 23. Rac1 Ne7 24. Kh2 Rc4 25. Qb2 Rfc8 26. b5 Qe8 27.
Nd4 Ng6 28. bxa6 bxa6 29. Qb6 Nf8 30.
Qxa6 Ra8 31. Qb6 Ra4 32. Ra1 R8xa5 33. Rxa4 Rxa4 34. Rb1 Ra8 35. Rb4 h6 36. c4 dxc4 37. Rxc4 Rb8 38. Qa7 Ra8 39. Qb7 Rb8 40. Qe4 Qf7 41. Nc6 Rb2 42. Qd4 Re2 43.
Rc3 Ra2 44. Nb4 Ra8 45. Qe4 Rb8 46. Nd3 Ng6 47. Nc5 Rb2 48. Qd4 Qf5 49. Nd3 Rb8 50. Rc7 Rf8 51. Ne1 Qxe5 52. Qxe5 Nxe5 53.
Re7 Rf6 54. Nc2 Kf8 55. Ra7 Nc6 56. Rc7 e5 57. h4 e4 58. Kh3 h5 59. g3 e3 60. fxe3 f3 61. e4 f2 62. Ne3 Ne5 63. Kg2 Ng4 64. Nf1 Re6 65.
Rc5 g6 66. Kf3 Kf7 67. Ra5 Rb6 68. Ra1 Ke6 69. Rd1 Rb2 70. Kg2 Ke5 71. Kf3 Rb3+ 72. Kg2 Ra3 73. Nd2 Ne3+ 74. Kh2 Nxd1 0-1

[Event "SS Manhem Chess Week 2019 Goteborg Open"]
[Site "Molnlycke kulturhus, Biblioteksgatan 2, Molnlycke, Sweden"]
[Date "2019.08.16"]
[Round "3.2"]
[White "Golubka, Petro"]
[Black "Rydstrom, Tom"]
[Result "1-0"]
[TimeControl "15 minutes + 5 seconds per move from move one (Round 1 - 4) / 90 minutes + 30 seconds per move from move one (Round 5 - 8)"]
[WhiteTitle "IM"]
[BlackTitle "FM"]
[WhiteFideId "14114224"]
[BlackFideId "1714830"]
[WhiteElo "2479"]
[BlackElo "2314"]

1. e4 e5 2. Nf3 Nc6 3. Bb5 a6 4. Ba4 Nf6 5.
d3 b5 6.
Bb3 Bc5 7. a4 Rb8 8. axb5 axb5 9.
O-O O-O 10. Nc3 h6 11. Nd5 d6 12. c3 Nxd5 13. Bxd5 Ne7 14. Bb3 Ng6 15. Be3 Bxe3 16. fxe3 c5 17. Nd2 Be6 18. Bxe6 fxe6 19.
Qg4 Rxf1+ 20. Rxf1 Nf8 21. d4 exd4 22. exd4 cxd4 23. cxd4 Qe7 24. Qg3 Rc8 25. Qd3 Qb7 26. Nf3 b4 27. e5 Qd5 28. h3 Nd7 29. Qa6 Qc6 30.
Qxc6 Rxc6 31. exd6 Rxd6 32. Rc1 Rb6 33.
Rc8+ Kf7 34. Kf2 Ke7 35. Ke2 Rb5 36. Kd3 Rb7 37. Rg8 Kf7 38. Ra8 Kf6 39. Nd2 Ke7 40. Ne4 Rc7 41. Ra4 Rb7 42.
Nc5 Nxc5+ 43. dxc5 Rd7+ 44. Kc4 Rd2 45. Rxb4 Rxg2 46. Rb7+ Kd8 47. b4 g5 48. c6 Rh2 49. b5 Rxh3 50. b6 1-0

[Event "SS Manhem Chess Week 2019 Goteborg Open"]
[Site "Molnlycke kulturhus, Biblioteksgatan 2, Molnlycke, Sweden"]
[Date "2019.08.16"]
[Round "3.3"]
[White "Welin, Mats"]
[Black "Wiedenkeller, Michael"]
[Result "0-1"]
[TimeControl "15 minutes + 5 seconds per move from move one (Round 1 - 4) / 90 minutes + 30 seconds per move from move one (Round 5 - 8)"]
[WhiteTitle "FM"]
[BlackTitle "IM"]
[WhiteFideId "1705180"]
[BlackFideId "1700146"]
[WhiteElo "2310"]
[BlackElo "2456"]

1. e4 e6 2. d4 d5 3.
Nc3 Nf6 4. e5 Nfd7 5. f4 c5 6.
Nf3 Nc6 7. Be3 Rb8 8. Qd2 Qa5 9. Be2 b5 10. O-O b4 11. Nd1 cxd4 12. Nxd4 Nxd4 13. Bxd4 Bc5 14. Ne3 Bxd4 15. Qxd4 Qc5 16.
Rfd1 O-O 17. g3 Qxd4 18. Rxd4 Nc5 19. Kf1 Bd7 20. a3 bxa3 21. b3 Bb5 22. Rxa3 a6 23. Ra5 Rb6 24. Bxb5 axb5 25. Rb4 Rfb8 26.
c4 d4 27. Nc2 d3 28. Ne3 Ne4 29. Raxb5 Rxb5 30. cxb5 Nc3 31.
b6 Kf8 32. Ke1 Rd8 0-1

[Event "SS Manhem Chess Week 2019 Goteborg Open"]
[Site "Molnlycke kulturhus, Biblioteksgatan 2, Molnlycke, Sweden"]
[Date "2019.08.16"]
[Round "3.4"]
[White "Le, Quang Long"]
[Black "Petersson, Baldur Teodor"]
[Result "1/2-1/2"]
[TimeControl "15 minutes + 5 seconds per move from move one (Round 1 - 4) / 90 minutes + 30 seconds per move from move one (Round 5 - 8)"]
[WhiteTitle "IM"]
[BlackTitle "CM"]
[WhiteFideId "12401749"]
[BlackFideId "2309157"]
[WhiteElo "2411"]
[BlackElo "2255"]

1. Nf3 Nf6 2. c4 g6 3. g3 Bg7 4. Bg2 O-O 5. O-O c5 6. d4 d6 7. Nc3 Nc6 8. d5 Na5 9. Nd2 a6 10.
Qc2 Rb8 11. Rb1 b5 12. b3 Bd7 13. h3 bxc4 14. bxc4 Rxb1 15. Qxb1 Qc7 16. e4 e5 17. Qc2 Bh6 18. Qd3 Nh5 19.
Kh2 f5 20. exf5 gxf5 21. Qe2 Be8 22. Nf3 Bxc1 23. Rxc1 Qg7 24. Nd2 Nf6 25. Rb1 Bh5 26. Bf3 Bxf3 27. Qxf3 e4 28. Qxf5 Ng4+ 29. Qxg4 Rxf2+ 30. Kg1 Qxg4 31.
hxg4 Rxd2 32. Nxe4 Rd4 33. Rb8+ Kg7 34. Nxd6 Rxg4 35. Nf5+ Kf6 36. Ne3 Rxg3+ 37. Kf2 Rg6 38. Rc8 Ke5 39. Rxc5 Nb7 40. Rc7 Nd6 41.
Rxh7 Kd4 42. Rh4+ Kc5 43. Rf4 Rh6 44. Ke2 Rh2+ 45. Rf2 Rh4 46. Kd3 Rd4+ 47. Ke2 Nxc4 48. Nxc4 Kxc4 49. Rf6 a5 50.
d6 Kc5 51. Rf5+ Kxd6 52. Rxa5 Kc6 53. Ke3 Rh4 54. Kd3 Kb6 55. Ra8 Kb5 56. Kc3 Rh3+ 57. Kb2 Rh2+ 58. Kb3 Rh3+ 1/2-1/2

[Event "SS Manhem Chess Week 2019 Goteborg Open"]
[Site "Molnlycke kulturhus, Biblioteksgatan 2, Molnlycke, Sweden"]
[Date "2019.08.16"]
[Round "3.5"]
[White "Castrillon Gomez, Melissa"]
[Black "Seo, Jung Min"]
[Result "0-1"]
[TimeControl "15 minutes + 5 seconds per move from move one (Round 1 - 4) / 90 minutes + 30 seconds per move from move one (Round 5 - 8)"]
[WhiteTitle "WIM"]
[BlackTitle "FM"]
[WhiteFideId "4402413"]
[BlackFideId "1734687"]
[WhiteElo "2227"]
[BlackElo "2409"]

1. d4 Nf6 2. c4 e6 3.
Nf3 b6 4. a3 Bb7 5. Nc3 Ne4 6.
d5 Nxc3 7. bxc3 d6 8. e4 e5 9. Be3 Nd7 10. Rb1 Be7 11. Bd3 O-O 12. O-O a5 13. Bc2 Ba6 14. Nd2 Bg5 15. Qe2 Bxe3 16.
Qxe3 Nc5 17. f4 exf4 18. Rxf4 Nd7 19. Ba4 Ne5 20. Bb5 Qe7 21. Nf3 Nxc4 22. Bxc4 Bxc4 23. Rg4 g6 24. Qh6 Be2 25. Rh4 f6 26. Nd4 Ba6 27.
Ne6 Rf7 28. Re1 Bc8 29. Nd4 Bd7 30. Rf4 Qf8 31. Qh4 Re8 32. Rf3 Qg7 33. Qf2 Re5 34. Nf5 Bxf5 35. exf5 Rxe1+ 36. Qxe1 Re7 37. Qf1 Kf7 38. fxg6+ hxg6 39.
Rf2 f5 40. Re2 Qxc3 41. Rxe7+ Kxe7 42. Qe2+ Qe5 43. Qd2 Kf7 44.
h3 Qa1+ 45. Kh2 Qe5+ 46. Kh1 Kf6 47.
Qd3 g5 48. Qc4 Qe7 49. Qc3+ Kg6 50. Qc2 Qf7 51. Qc6 f4 52. Qc2+ Kh6 53. Qe4 Qf6 54. Qe8 Qa1+ 55. Kh2 Qe5 56. Qf8+ Kg6 57. Qg8+ Kf5 58. Qf7+ Ke4 59. Qh7+ Kxd5 60.
Qxc7 f3+ 61. Kg1 Qe1+ 62. Kh2 f2 63. Qf7+ Kd4 64. Qf6+ Qe5+ 0-1